[Event "Late-Titled-Tuesday-Blitz-April-30-2024"]
[Site "Chess.com"]
[Date "2024.04.30"]
[Round "8"]
[White "cthulhuuu"]
[Black "reevecanada"]
[Result "1/2-1/2"]
[WhiteElo "2479"]
[BlackElo "2638"]
[TimeControl "180+1"]
[EndTime "15:27:47 PDT"]
[Termination "Game drawn by repetition"]

1. e4 c5 2. Nf3 d6 3. g3 Nf6 4. d3 g6 5. Bg2 Bg7 6. O-O O-O 7.
Re1 Nbd7 8. e5 dxe5 9. Nxe5 Nxe5 10. Rxe5 c4 11. d4 Ng4 12. Re4 f5 13. Rxg4 fxg4 14.
c3 Rb8 15. Nd2 b5 16. Ne4 Bf5 17. Bf4 Rc8 18. a4 a6 19. axb5 axb5 20. Ra7 e5 21. Rxg7+ Kxg7 22. Bxe5+ Kg8 23. Nd6 Be6 24. Nxc8 Qxc8 25.
Qd2 Qd7 26. Qh6 Rf7 27. Qg5 Rf5 28. Qe3 Bd5 29. Bxd5+ Qxd5 30. Qe2 Qf3 31. Qe1 Qd3 32. Bf4 Rf8 33. Qe6+ Kg7 34. Qe7+ Kg8 35. Qe6+ Rf7 36. Qe8+ Rf8 37. Qe6+ 1/2-1/2

[Event "Late-Titled-Tuesday-Blitz-April-30-2024"]
[Site "Chess.com"]
[Date "2024.04.30"]
[Round "8"]
[White "JaackCamel"]
[Black "Moltini"]
[Result "0-1"]
[WhiteElo "2278"]
[BlackElo "2495"]
[TimeControl "180+1"]
[EndTime "15:27:47 PDT"]
[Termination "Moltini won on time"]

1. d4 Nf6 2. c4 g6 3. Nc3 Bg7 4. e4 d6 5. Nf3 O-O 6. Be2 e5 7.
Be3 Nc6 8. d5 Ne7 9. Nd2 Ne8 10.
b4 f5 11. f3 f4 12. Bf2 g5 13. c5 Rf6 14. Nc4 Rg6 15. cxd6 cxd6 16. Nb5 b6 17. a4 Bd7 18. Nca3 Nc8 19. Rc1 h5 20. Qc2 a5 21.
Qb3 g4 22. Nc4 axb4 23. Qxb4 h4 24. fxg4 Bxg4 25. Bf3 h3 26. Rg1 hxg2 27. Rxg2 Bxf3 28. Rxg6 Bxe4 29. Rg1 Bxd5 30. Rd1 Bf3 31. Rd2 d5 32. Nb2 Qf6 33. Nd3 e4 34. Bd4 Qh4+ 35. Bf2 Qh6 36.
Ne5 Nf6 37. Nxf3 exf3 38. Qd4 Ne7 39. Kf1 Re8 40. Nd6 Rd8 41. Nb5 Nf5 42. Qe5 Qh3+ 43.
Ke1 Re8 44. Qxe8+ Nxe8 45. Nd4 Ne3 46. Ne6 Qxe6 0-1

[Event "Late-Titled-Tuesday-Blitz-April-30-2024"]
[Site "Chess.com"]
[Date "2024.04.30"]
[Round "8"]
[White "GothamChess"]
[Black "Cambek64"]
[Result "1-0"]
[WhiteElo "2688"]
[BlackElo "2516"]
[TimeControl "180+1"]
[EndTime "15:27:48 PDT"]
[Termination "GothamChess won on time"]

1. e4 e6 2. b3 d5 3. Bb2 dxe4 4. Nc3 Nf6 5. Qe2 Bd7 6. O-O-O Bc6 7. g4 h6 8. Bg2 Nbd7 9. h4 Bd6 10. g5 Ng8 11. Nxe4 Be5 12. d4 Bf4+ 13. Kb1 hxg5 14. d5 Bxd5 15.
Bxg7 Bxe4 16. Qxe4 Rh5 17. Bf3 Ngf6 18. Bxf6 Qxf6 19. Bxh5 O-O-O 20. Ne2 Bd6 21. hxg5 Qxg5 22. Bxf7 Nc5 23. Bxe6+ Kb8 24. Qd5 Qf6 25. Nd4 Be7 26. Qc4 c6 27. Rhe1 Bf8 28. b4 Na4 29.
Rd3 Bg7 30. Red1 Ka8 31. f3 1-0

[Event "Late-Titled-Tuesday-Blitz-April-30-2024"]
[Site "Chess.com"]
[Date "2024.04.30"]
[Round "8"]
[White "Laico"]
[Black "Shuvalov"]
[Result "0-1"]
[WhiteElo "2422"]
[BlackElo "2611"]
[TimeControl "180+1"]
[EndTime "15:27:49 PDT"]
[Termination "Shuvalov won by resignation"]

1. e4 e6 2. d4 d5 3. Nd2 c5 4.
Ngf3 Nc6 5. Bb5 Qb6 6. Bxc6+ bxc6 7. exd5 exd5 8. Qe2+ Be7 9. dxc5 Qxc5 10. Nb3 Qd6 11.
Be3 Nf6 12. Bc5 Qe6 13. Ne5 O-O 14. Nd4 Bxc5 15. Nxe6 Bxe6 16. O-O-O Rfc8 17. f3 a5 18. g4 a4 19. a3 Bd6 20. h4 Re8 21. Nxc6 Bd7 22.
Qb5 Rec8 23. h5 Bxc6 24. Qd3 Bf4+ 25. Kb1 h6 26. Qd4 Bd6 27. Rhg1 Nh7 28. f4 Bb7 29. Rg3 Nf8 30. Rf1 Ne6 31. Qd2 Nc5 32. Qd4 Ne4 33.
Rg2 Ba6 34. Rh1 Bxf4 35. Qxd5 Nf6 36. g5 Nxd5 0-1

[Event "Late-Titled-Tuesday-Blitz-April-30-2024"]
[Site "Chess.com"]
[Date "2024.04.30"]
[Round "8"]
[White "BabageldiAnnaberdiyev"]
[Black "Charodej1"]
[Result "1-0"]
[WhiteElo "2600"]
[BlackElo "2412"]
[TimeControl "180+1"]
[EndTime "15:27:49 PDT"]
[Termination "BabageldiAnnaberdiyev won by resignation"]

1. e4 d5 2. exd5 Nf6 3. d4 Nxd5 4. Nf3 g6 5. c4 Nf6 6. h3 Bg7 7. Be3 O-O 8. Qd2 Nbd7 9. Nc3 c5 10. d5 a6 11. Bh6 Qa5 12. Bxg7 Kxg7 13. Be2 Re8 14.
O-O e6 15. Rfe1 exd5 16. cxd5 b5 17. a3 Bb7 18. Bf1 Rad8 19. g3 Qb6 20. Bg2 Qd6 21.
Ng5 Nb6 22. Nge4 Nxe4 23. Nxe4 Qxd5 24. Qc3+ Qd4 25. Nxc5 Qxc3 26. bxc3 Bxg2 27. Kxg2 Rxe1 28. Rxe1 Rc8 29. Nxa6 Rxc3 30. Rb1 Rxa3 31. Nc7 Ra7 32. Nxb5 Rd7 33. Nc3 Nd5 34. Ne4 Nf6 35. Nc5 Rc7 36. Na6 Rc6 37. Nb8 Re6 38. Rb2 h5 39. Rc2 g5 40. Nc6 Kg6 41. Nd4 Rd6 42. Nf3 Nd7 43.
Rb2 f6 44. Rb5 Nf8 45. h4 g4 46. Ng1 Ne6 47. Ne2 Rd2 48. Nc3 Nd4 49. Rb6 Kf5 50. Nd5 Ne6 51. Ne3+ Ke5 52. Nc4+ 1-0

[Event "Late-Titled-Tuesday-Blitz-April-30-2024"]
[Site "Chess.com"]
[Date "2024.04.30"]
[Round "8"]
[White "Nemsko"]
[Black "azikom"]
[Result "0-1"]
[WhiteElo "2449"]
[BlackElo "2721"]
[TimeControl "180+1"]
[EndTime "15:27:50 PDT"]
[Termination "azikom won by resignation"]

1. e4 c5 2. Nf3 e6 3. d4 cxd4 4. Nxd4 a6 5. c4 g6 6. Nc3 Bg7 7. Be3 Ne7 8. f3 O-O 9. Be2 d5 10. cxd5 exd5 11. O-O dxe4 12. Nxe4 Nd5 13. Bf2 Nf4 14.
Re1 Nxe2+ 15. Rxe2 Nd7 16. Rd2 Qe7 17. Bg3 Ne5 18.
Qb3 h5 19. Rad1 h4 20. Bf2 h3 21. g3 b5 22. a4 Bb7 23. axb5 axb5 24. Nxb5 Nxf3+ 25. Qxf3 Bxe4 26. Qg4 Bf5 27. Qf3 Rab8 28. Nd6 Be6 29. Ne4 Rb3 30. Qf4 Bf5 31. Nd6 Be6 32. Ne4 Qb7 33. Bd4 Bxd4+ 34. Rxd4 Rb5 35. Nf6+ Kg7 36.
Ne4 Rf5 37. Qd2 Qb6 38. Rf1 Rd8 39. Rxf5 Bxf5 0-1

[Event "Late-Titled-Tuesday-Blitz-April-30-2024"]
[Site "Chess.com"]
[Date "2024.04.30"]
[Round "8"]
[White "Supelyel"]
[Black "guillembaches"]
[Result "0-1"]
[WhiteElo "2396"]
[BlackElo "2571"]
[TimeControl "180+1"]
[EndTime "15:27:50 PDT"]
[Termination "guillembaches won by resignation"]

1. c4 e6 2. Nc3 d5 3. cxd5 exd5 4.
d4 a6 5. Nf3 Nf6 6. Qc2 Be6 7.
Bf4 c5 8. dxc5 Bxc5 9. e3 Nc6 10. Be2 O-O 11. O-O Rc8 12. Rfd1 Be7 13. Rac1 h6 14.
h3 Qa5 15. a3 Rfd8 16. Qa4 Qb6 17. b4 Ne4 18. Ne5 Nxe5 19. Bxe5 Nxc3 20. Rxc3 Rxc3 21.
Bxc3 Rc8 22. Bd4 Qc7 23. Bf3 Bf8 24. Qb3 b5 25. Bxd5 Bxd5 26. Qxd5 Qc2 27. Ra1 Qe2 28. Qf3 Qd3 29. Qb7 Rc2 30. Qxa6 h5 31. Rf1 Ra2 32. Qa8 Rxa3 33. Bc5 Rxa8 0-1

[Event "Late-Titled-Tuesday-Blitz-April-30-2024"]
[Site "Chess.com"]
[Date "2024.04.30"]
[Round "8"]
[White "martinmena"]
[Black "jcmesafischer"]
[Result "0-1"]
[WhiteElo "2112"]
[BlackElo "2320"]
[TimeControl "180+1"]
[EndTime "15:27:51 PDT"]
[Termination "jcmesafischer won by checkmate"]

1. c4 Nf6 2. g3 e6 3. Bg2 d5 4.
Nf3 Be7 5. O-O O-O 6. d4 dxc4 7. Qc2 a6 8. a4 Bd7 9. Qxc4 Bc6 10. Bg5 Bd5 11. Qd3 Be4 12. Qd2 Nc6 13. Rd1 Qd7 14. Ne5 Nxe5 15. dxe5 Qxd2 16. Rxd2 Bxg2 17. exf6 gxf6 18.
Bh6 Bc6 19. Bxf8 Kxf8 20. Nc3 f5 21. Rb1 Bb4 22. e3 Ke7 23. Kf1 b6 24. Rd4 Bc5 25.
Re4 fxe4 26. b4 Bd6 27. b5 axb5 28. axb5 Bd7 29. Rb2 Be5 30. Rc2 Bxc3 31. Rxc3 Bxb5+ 32. Kg2 c5 33. h4 Ra1 34. h5 Be2 35. h6 Bf3+ 36. Kh3 Rh1# 0-1

[Event "Late-Titled-Tuesday-Blitz-April-30-2024"]
[Site "Chess.com"]
[Date "2024.04.30"]
[Round "8"]
[White "mjelcic"]
[Black "PNEPaul"]
[Result "1-0"]
[WhiteElo "2328"]
[BlackElo "1962"]
[TimeControl "180+1"]
[EndTime "15:27:54 PDT"]
[Termination "mjelcic won on time"]

1. c4 a6 2. g3 d6 3. Bg2 g6 4. Nc3 h6 5. d4 Nd7 6. e4 Bg7 7. Nf3 e6 8. O-O Ne7 9. Bf4 O-O 10. Qd2 Kh7 11. e5 Nf5 12. Ne4 dxe5 13. dxe5 Nb6 14. Qc3 Qe7 15. Rad1 Bd7 16. Rd2 Bc6 17. Nd4 Nxd4 18. Rxd4 Rad8 19. Rfd1 Rxd4 20. Qxd4 Nd7 21. b3 g5 22. Nxg5+ hxg5 23. Bxc6 bxc6 24. Qxd7 Qxd7 25.
Rxd7 gxf4 26. gxf4 Bh6 27. Rxc7 Bxf4 28. Rxc6 Ra8 29.
Rc5 Kg6 30. b4 Kf5 31. a4 Bxe5 32. b5 axb5 33. axb5 Ke4 34. b6 Bd4 35. b7 Rb8 36. Rc7 f5 37. h4 Ke5 38. Rd7 Bb6 39. h5 Ba7 40. h6 Rh8 41. h7 Kf6 42. Kg2 Kg6 43. c5 Bxc5 44. Rc7 Rb8 45. Rc8 Rxb7 46. h8=Q Rg7 47. Rxc5 Kf7+ 48. Kf3 1-0

[Event "Late-Titled-Tuesday-Blitz-April-30-2024"]
[Site "Chess.com"]
[Date "2024.04.30"]
[Round "8"]
[White "brother-bear"]
[Black "FMOlexandrProhorov"]
[Result "0-1"]
[WhiteElo "2082"]
[BlackElo "2275"]
[TimeControl "180+1"]
[EndTime "15:27:55 PDT"]
[Termination "FMOlexandrProhorov won on time"]

1. d4 g6 2. c4 Bg7 3. Nc3 c5 4.
d5 Bxc3+ 5. bxc3 f5 6. h4 Nf6 7. Bg5 Qa5 8. Bxf6 exf6 9. Qd2 d6 10. h5 g5 11. h6 Nd7 12. e3 Nb6 13. f4 Bd7 14. g3 O-O-O 15. Kf2 Rhg8 16. Bd3 Qa4 17.
Qe2 Rde8 18. Nf3 Re7 19. Nd2 Rge8 20. Qf3 Rxe3 21. Qxe3 Rxe3 22. Kxe3 Qa3 23. Rac1 g4 24. Rh5 Na4 25. Rc2 Nxc3 26. Nb3 Nxa2 27. Rxa2 Qxa2 28. Nd2 Qa1 29. Bxf5 Qd4+ 30. Ke2 a5 31. Bxh7 f5 32. Bxf5 Bxf5 33. Rxf5 Qh8 34. Rh5 a4 0-1

[Event "Late-Titled-Tuesday-Blitz-April-30-2024"]
[Site "Chess.com"]
[Date "2024.04.30"]
[Round "8"]
[White "Kostukov_Alex"]
[Black "MuhittinBuker"]
[Result "1-0"]
[WhiteElo "2379"]
[BlackElo "2177"]
[TimeControl "180+1"]
[EndTime "15:27:55 PDT"]
[Termination "Kostukov_Alex won by resignation"]

1. g3 g6 2. Bg2 Bg7 3. c4 d6 4. d4 Nc6 5. Nf3 e5 6. dxe5 Nxe5 7. O-O Nxf3+ 8. Bxf3 Ne7 9. Bg2 O-O 10. Nc3 Nc6 11.
Rb1 Be6 12. Nd5 Rb8 13. b3 Re8 14. Bb2 Bf5 15. Bxg7 Kxg7 16. Rc1 f6 17. e3 Be4 18.
Nf4 Bxg2 19. Kxg2 Qe7 20. h4 Qe4+ 21. Qf3 Qxf3+ 22. Kxf3 Ne5+ 23. Ke2 c6 24. Rfd1 Rbd8 25. Rd4 f5 26. Rcd1 Nf7 27. b4 Kf6 28. a4 h6 29. a5 a6 30. b5 g5 31. hxg5+ hxg5 32. Nd3 axb5 33. cxb5 cxb5 34. Rb4 Re7 35. Rxb5 Rde8 36.
Nb4 Re5 37. Nd5+ Kg6 38. Rxb7 f4 39. gxf4 gxf4 40. Nxf4+ Kg7 41. Rg1+ Kf8 42. Ng6+ 1-0

[Event "Late-Titled-Tuesday-Blitz-April-30-2024"]
[Site "Chess.com"]
[Date "2024.04.30"]
[Round "8"]
[White "Rutricks"]
[Black "Attacker_2006"]
[Result "0-1"]
[WhiteElo "2666"]
[BlackElo "2525"]
[TimeControl "180+1"]
[EndTime "15:27:57 PDT"]
[Termination "Attacker_2006 won by resignation"]

1. c4 Nf6 2. g3 e6 3. Bg2 d5 4.
b3 Nbd7 5. f3 c5 6. Nh3 b6 7. O-O Bb7 8. Nf2 Rc8 9. Bb2 Be7 10.
e3 h5 11. h3 Qc7 12. f4 Rg8 13.
Nc3 g5 14. cxd5 exd5 15. Ne2 gxf4 16. exf4 Ba6 17. d3 d4 18. Rc1 Bb7 19. Ne4 Nd5 20. Bxd4 Qb8 21. Bf2 N5f6 22. Qd2 h4 23. g4 Nxg4 24.
hxg4 Rxg4 25. Kh1 f5 26. Bf3 fxe4 27. dxe4 Nf6 28. Qe3 Qa8 29. Nc3 Kf7 30. Rg1 Rcg8 31. Qe2 Rxf4 32. Qc4+ Kf8 33. Qe2 Qc8 34. Rxg8+ Kxg8 35. Rg1+ Kf7 36. Qc4+ Kf8 37. Kg2 h3+ 38. Kg3 Bd6 39.
e5 Rxc4 40. exd6 0-1

[Event "Late-Titled-Tuesday-Blitz-April-30-2024"]
[Site "Chess.com"]
[Date "2024.04.30"]
[Round "8"]
[White "Chessmatus"]
[Black "1800_strength"]
[Result "0-1"]
[WhiteElo "2573"]
[BlackElo "2795"]
[TimeControl "180+1"]
[EndTime "15:27:58 PDT"]
[Termination "1800_strength won by resignation"]

1. e4 e5 2. Nf3 Nf6 3. d4 Nxe4 4.
Bd3 d5 5. Nxe5 Nd7 6. Nc3 Nxe5 7. dxe5 Bb4 8. O-O Nxc3 9. bxc3 Bxc3 10. Rb1 O-O 11.
Bf4 Re8 12. Bxh7+ Kxh7 13. Qd3+ Bf5 14. Qxf5+ Kg8 15. Rxb7 Bd4 16. Rb3 g6 17. Qg4 Bxe5 18. Bg5 Bf6 19. h4 Re4 20. f4 Bxg5 21. hxg5 Qd6 22.
Rh3 Rae8 23. Qh4 Kf8 24. Qh6+ Ke7 25. Rhf3 Qc5+ 26. Kh1 Qd4 27. Rh3 Rxf4 28. Re1+ Re4 29. Rxe4+ dxe4 30. Qh4 Rd8 31. Qf4 Qd1+ 32. Kh2 Qd6 33.
Kg3 Ke6 34. Rh4 Qe5 35. Qxe5+ Kxe5 36. Rf4 Rd7 37. Rf6 Re7 38. Kf2 Kd4 39. Ke2 Kc3 40. Rc6+ Kb4 41. Ke3 a5 42. c3+ Kb5 43. Rf6 c6 44.
Rf4 Re5 45. Rxf7 Rxg5 46. Rf2 Rg3+ 47. Kxe4 Rxc3 48. Rb2+ Kc4 49. Kf4 a4 50. g4 a3 51.
Re2 c5 52. Kg5 Rg3 53. Re4+ Kd5 54. Ra4 c4 55. Kxg6 Rxg4+ 56. Kf5 Rg3 57. Kf4 Rd3 58. Rb4 Rd2 59. Ra4 Rxa2 60. Ke3 Kc5 61. Ra5+ Kb4 62.
Ra8 Kc3 63. Rb8 Rb2 64. Ra8 a2 65. Ra3+ Kb4 66. Ra7 Rb3+ 67. Kd2 Ra3 68. Rb7+ Kc5 0-1

[Event "Late-Titled-Tuesday-Blitz-April-30-2024"]
[Site "Chess.com"]
[Date "2024.04.30"]
[Round "8"]
[White "Individoom"]
[Black "JonasEilenberg"]
[Result "1-0"]
[WhiteElo "2771"]
[BlackElo "2561"]
[TimeControl "180+1"]
[EndTime "15:27:59 PDT"]
[Termination "Individoom won by resignation"]

1. e4 c5 2. d4 cxd4 3. c3 Nf6 4. e5 Nd5 5. Nf3 Nc6 6. Bc4 Nb6 7. Bb3 d5 8. cxd4 Bg4 9. Be3 e6 10. h3 Bh5 11. O-O Be7 12. Nbd2 O-O 13. Qe2 Rc8 14. Rfc1 Na5 15. Bc2 Nac4 16. Nxc4 Nxc4 17. g4 Bg6 18. Bxg6 fxg6 19. b3 Nxe3 20. Qxe3 Qa5 21. a4 Qb4 22. Kg2 a5 23. h4 h6 24. Kg3 Kh7 25. Qd3 Qb6 26.
h5 Kg8 27. hxg6 Qd8 28. Rc2 Bg5 29. Rxc8 Bf4+ 30. Kg2 Qxc8 31. Ra2 Qd7 32. Rc2 Rc8 33.
Qb5 Qd8 34. Qxa5 Qe8 35. Qb5 Rc6 36. Rxc6 bxc6 37. Qd3 Qd8 38. b4 Qb6 39. Qc3 Qb7 40. a5 Qa6 41. Qa3 Bg5 42. Nxg5 hxg5 43. Qf3 Qa8 44. Qf7+ Kh8 45. a6 c5 46. Qb7 Qf8 47. a7 cxb4 48. a8=Q b3 1-0

[Event "Late-Titled-Tuesday-Blitz-April-30-2024"]
[Site "Chess.com"]
[Date "2024.04.30"]
[Round "8"]
[White "db-banana"]
[Black "lluiss"]
[Result "1-0"]
[WhiteElo "2471"]
[BlackElo "2238"]
[TimeControl "180+1"]
[EndTime "15:27:59 PDT"]
[Termination "db-banana won by resignation"]

1. e4 c5 2. Nf3 d6 3. g3 g6 4.
Bg2 Bg7 5. O-O e5 6. c3 Nc6 7. d3 Nge7 8. a4 O-O 9. Na3 f5 10. Ng5 h6 11. Qb3+ d5 12. exd5 Na5 13. Qa2 hxg5 14. d6+ Kh7 15. dxe7 Qxe7 16. Qd5 Bd7 17. Bxg5 Bf6 18. Bxf6 Rxf6 19. Rfe1 Re6 20. Qf3 Bc6 21. Qe2 Bxg2 22. Kxg2 Re8 23. Rad1 e4 24. d4 e3 25.
d5 exf2 26. dxe6 fxe1=Q 27. Rxe1 Qd6 28. Nb5 Qc6+ 29. Kg1 a6 30. Na3 Qd5 31. h4 Nc6 32. h5 Kg7 33. Nc4 Kf6 34. Ne3 Qe4 35. c4 Qd4 36. hxg6 Rxe6 37. Kh2 Re4 38. g7 Kxg7 39. Nxf5+ 1-0

[Event "Late-Titled-Tuesday-Blitz-April-30-2024"]
[Site "Chess.com"]
[Date "2024.04.30"]
[Round "8"]
[White "Meri-Arabidze"]
[Black "rdarruda"]
[Result "1-0"]
[WhiteElo "2703"]
[BlackElo "2553"]
[TimeControl "180+1"]
[EndTime "15:28:00 PDT"]
[Termination "Meri-Arabidze won by resignation"]

1. Nf3 d5 2. c4 c6 3. g3 Nf6 4. Bg2 g6 5. b3 Bg7 6. Bb2 O-O 7. O-O Nbd7 8. d4 Ne4 9. Nbd2 Nxd2 10. Qxd2 Nf6 11.
Ne5 Ne4 12. Qc2 f6 13. Nd3 Bf5 14. Rfe1 Kh8 15. f3 Nd6 16. c5 Nf7 17. e4 dxe4 18.
fxe4 Bg4 19. h3 Bd7 20. Rad1 Qc8 21. Kh2 b6 22. b4 Ng5 23. h4 Nf7 24. d5 Bg4 25. Rd2 Ne5 26. Nxe5 fxe5 27. d6 exd6 28. cxd6 Qd7 29. Rc1 Rac8 30. Bc3 c5 31. Qb2 cxb4 32.
Bxe5 Rxc1 33. Bxg7+ Qxg7 34. Qxc1 Qc3 35. Rc2 Qd4 36. Rd2 Qc3 37. Qe1 Re8 38. Qf2 Kg7 39. Qf4 h5 40. Rf2 Be6 41. d7 Rd8 42. Qd6 Qc5 43.
Qxe6 Qxf2 44. Qe7+ Kh6 45. Qxd8 Qb2 46. Qg5+ 1-0

[Event "Late-Titled-Tuesday-Blitz-April-30-2024"]
[Site "Chess.com"]
[Date "2024.04.30"]
[Round "8"]
[White "HajiyevKanan"]
[Black "MarkoPe"]
[Result "1-0"]
[WhiteElo "2621"]
[BlackElo "2454"]
[TimeControl "180+1"]
[EndTime "15:28:00 PDT"]
[Termination "HajiyevKanan won by checkmate"]

1. d4 c6 2. Nf3 d6 3. c4 Nd7 4. g3 Ngf6 5. Bg2 g6 6. O-O Bg7 7. b3 O-O 8. Bb2 Qc7 9. Nbd2 e5 10. c5 exd4 11. cxd6 Qxd6 12. Nxd4 Ne5 13. Qc2 Bg4 14. h3 Bd7 15. Rfc1 Rfe8 16. a4 Rad8 17. a5 Nd5 18. Ne4 Qb4 19. Ra4 Qe7 20. Ba3 c5 21. Bxc5 Rc8 22.
Bxe7 Rxc2 23. Rxc2 Bxa4 24. Bc5 Nc6 25. bxa4 Nxd4 26.
Bxd4 Bxd4 27. Rd2 Nc3 28. Nxc3 Bxc3 29. Rd7 Bxa5 30. e3 Rc8 31. Bxb7 Rc1+ 32. Kg2 Rc4 33. Bd5 Rxa4 34. Rxf7 Kh8 35. Rxa7 Ra1 36. g4 Bc3 37. Rc7 Be5 38. Re7 Bd6 39. Rd7 Bc5 40. g5 Rc1 41. Rd8+ Kg7 42. Rg8# 1-0

[Event "Late-Titled-Tuesday-Blitz-April-30-2024"]
[Site "Chess.com"]
[Date "2024.04.30"]
[Round "8"]
[White "Naoki"]
[Black "falzehope0"]
[Result "1-0"]
[WhiteElo "2602"]
[BlackElo "2422"]
[TimeControl "180+1"]
[EndTime "15:28:00 PDT"]
[Termination "Naoki won by resignation"]

1. e4 d6 2. d4 Nf6 3. Nc3 Nbd7 4. Nf3 e5 5. Bc4 Be7 6. O-O O-O 7. Re1 c6 8. a4 Qc7 9. Ba2 h6 10. h3 Re8 11. dxe5 dxe5 12. Nh4 Nf8 13. Be3 N6h7 14. Nf5 Bg5 15. Qf3 Ne6 16. g3 Bf6 17. Rad1 Nhg5 18.
Qg2 Nf8 19. h4 Nge6 20. Qf3 Nh7 21. Ne2 Kh8 22. c3 a5 23. Kg2 b5 24. Ng1 Nef8 25.
Nd6 Re7 26. axb5 cxb5 27. Nxb5 Qb8 28. Nd6 Qxb2 29. Nxf7+ Rxf7 30. Bxf7 Qxc3 31. Ne2 Qc7 32. Bd5 Bb7 33. Rc1 Qd7 34. Nc3 Rc8 35. Bxb7 Qxb7 36.
Nd5 Ne6 37. Rxc8+ Qxc8 38. Rc1 Qa8 39. Qf5 Nd4 40. Rc8+ Bd8 41. Rxa8 Nxf5 42. Rxd8+ Nf8 43. Rxf8+ Kh7 44. Rxf5 Kg6 45. Ne7+ Kh7 46. Rf8 a4 47. h5 a3 48. Ng6 1-0

[Event "Late-Titled-Tuesday-Blitz-April-30-2024"]
[Site "Chess.com"]
[Date "2024.04.30"]
[Round "8"]
[White "Bala-Afiada"]
[Black "Sesleria"]
[Result "1-0"]
[WhiteElo "2012"]
[BlackElo "2099"]
[TimeControl "180+1"]
[EndTime "15:28:00 PDT"]
[Termination "Bala-Afiada won by checkmate"]

1. d4 d5 2. c4 e6 3. Nf3 c6 4. Qc2 f5 5. g3 Nf6 6. Bg2 Bd6 7.
b3 O-O 8. Ba3 b6 9. Bxd6 Qxd6 10. Nbd2 a5 11. O-O Na6 12. Ne5 Bb7 13. Ndf3 Rac8 14.
Rac1 c5 15. cxd5 cxd4 16. Qd3 Nb4 17. Qxd4 Bxd5 18. Nc4 Qb8 19. Nxb6 Rxc1 20. Rxc1 Nxa2 21. Rb1 Be4 22. Rb2 Rd8 23. Qc5 Nb4 24. Rd2 Rxd2 25. Nxd2 Bxg2 26. Kxg2 Qb7+ 27. f3 h5 28. Qc8+ Kh7 29.
Qxb7 h4 30. Nd7 h3+ 31. Kxh3 Nfd5 32. Kg2 Ne3+ 33. Kf2 Nbc2 34. Ne4 Nd1+ 35. Kf1 fxe4 36. Kg2 Nde3+ 37. Kh3 exf3 38. exf3 Nd4 39. Qe4+ Nef5 40.
g4 g6 41. gxf5 Nxf5 42. Nf6+ Kg7 43. Qe5 Kf7 44. Nd7 Ke7 45. Nc5 Kf7 46. Qxe6+ Kg7 47. Nd7 Kh6 48. Qf6 Kh5 49. Nf8 Kh6 50. Qxg6# 1-0

[Event "Late-Titled-Tuesday-Blitz-April-30-2024"]
[Site "Chess.com"]
[Date "2024.04.30"]
[Round "8"]
[White "Bykov_Egor"]
[Black "Boninknights"]
[Result "1/2-1/2"]
[WhiteElo "2600"]
[BlackElo "2383"]
[TimeControl "180+1"]
[EndTime "15:28:02 PDT"]
[Termination "Game drawn by repetition"]

1. c4 Nf6 2. Nc3 g6 3. g3 Bg7 4.
Bg2 O-O 5. Nh3 d5 6. cxd5 Bxh3 7.
Bxh3 Nxd5 8. O-O Nb6 9. d3 c5 10. Be3 c4 11. Bg2 Nc6 12. Bxb6 Qxb6 13. Nd5 Qxb2 14.
Rb1 Qxa2 15. Rxb7 e6 16. Ne3 Nd4 17. Nxc4 Nxe2+ 18. Kh1 Nc3 19. Qc1 Rad8 20. Qe3 a5 21. h4 h5 22. g4 hxg4 23. h5 Qe2 24. Qg5 Qxd3 25. Ne3 gxh5 26. Qxh5 Qh7 27. Qxh7+ Kxh7 28. Nxg4 a4 29. Rc1 a3 30. Ra7 a2 31. f4 Rd2 32. Ne5 Bxe5 33. fxe5 Rb8 34. Rxc3 Rb1+ 35. Kh2 a1=Q 36. Rxf7+ Kg6 37. Rf6+ Kh5 38. Rh3+ Kg5 39. Rg3+ Kh5 40. Rh3+ Kg5 41. Rg3+ Kh5 42. Rh3+ 1/2-1/2

[Event "Late-Titled-Tuesday-Blitz-April-30-2024"]
[Site "Chess.com"]
[Date "2024.04.30"]
[Round "8"]
[White "stepanosinovsky"]
[Black "sillypiggy2024"]
[Result "1-0"]
[WhiteElo "2345"]
[BlackElo "1732"]
[TimeControl "180+1"]
[EndTime "15:28:02 PDT"]
[Termination "stepanosinovsky won on time"]

1. Nf3 Nf6 2. g3 g6 3. Bg2 Bg7 4. O-O O-O 5. d3 d5 6. Nbd2 c5 7. e4 dxe4 8. dxe4 Nc6 9. c3 b6 10. Re1 Bb7 11. Qc2 Qc7 12. a4 Rad8 13. e5 Nd5 14.
Nc4 a6 15. h4 b5 16. h5 bxc4 17. Qe4 e6 18. Bg5 Nce7 19. Qxc4 h6 20. Bc1 Nb6 21.
Qg4 Bd5 22. a5 Nc4 23. Bf4 Nxa5 24. hxg6 fxg6 25. Qh3 h5 26. Ng5 Bxg2 27. Qxe6+ Kh8 28.
Kxg2 Qc6+ 29. Kh3 Qxe6+ 30. Nxe6 Nac6 31. Nxf8 Rxf8 32. Rxa6 Kh7 33. e6 Rd8 34. Bg5 Rd5 35. f4 1-0

[Event "Late-Titled-Tuesday-Blitz-April-30-2024"]
[Site "Chess.com"]
[Date "2024.04.30"]
[Round "8"]
[White "NovakRatko"]
[Black "ansko1999"]
[Result "0-1"]
[WhiteElo "2405"]
[BlackElo "2620"]
[TimeControl "180+1"]
[EndTime "15:28:03 PDT"]
[Termination "ansko1999 won by resignation"]

1. d4 d5 2. c4 dxc4 3. e4 e5 4.
Nf3 exd4 5. Bxc4 Bb4+ 6. Bd2 Bxd2+ 7. Nbxd2 Nf6 8. e5 Nd5 9. Qb3 c6 10. Nxd4 O-O 11. Bxd5 cxd5 12. O-O Nc6 13. Nxc6 bxc6 14. f4 Qb6+ 15. Kh1 Ba6 16. Rf3 Rab8 17. Rc1 Qxb3 18.
Nxb3 Bc4 19. Na5 Rxb2 20. Nxc4 dxc4 21. h3 Rxa2 22. Rxc4 Ra6 23. Rfc3 Rc8 24. Kh2 g6 25. g4 Rb6 26. Kg3 a5 27. Ra4 Rb5 28. Rac4 c5 29. f5 gxf5 30. gxf5 Re8 31. Kf4 Rb4 32. f6 h6 33. Kf5 Rxc4 34. Rxc4 Rc8 35. e6 fxe6+ 36. Kxe6 Kf8 37. Kd7 Ra8 38. Rxc5 a4 39. Ke6 a3 40. Rc1 a2 41. Ra1 Ra6+ 42. Kf5 Kf7 43. Kg4 Ra5 44.
h4 Kxf6 45. Kf4 Ra4+ 46. Kg3 Kg6 47. Kf3 Kh5 48. Ke3 Kxh4 49. Kd3 h5 50. Kc3 Kg3 51.
Kb3 Ra8 52. Kb2 h4 53. Rg1+ Kf2 54. Rh1 a1=Q+ 55. Rxa1 Rxa1 56. Kxa1 h3 0-1

[Event "Late-Titled-Tuesday-Blitz-April-30-2024"]
[Site "Chess.com"]
[Date "2024.04.30"]
[Round "8"]
[White "protectiago"]
[Black "The_Straightforward_Rook"]
[Result "0-1"]
[WhiteElo "2059"]
[BlackElo "2480"]
[TimeControl "180+1"]
[EndTime "15:28:03 PDT"]
[Termination "The_Straightforward_Rook won by resignation"]

1. d4 d5 2. c4 c6 3. g3 Nf6 4. Qc2 g6 5. Bg2 Bf5 6. Qb3 Qb6 7. Nf3 Nbd7 8. O-O dxc4 9. Qxc4 Bg7 10. Nc3 O-O 11. Re1 Ne4 12. Nh4 Nd6 13. Qa4 Bxd4 14. e3 Bg7 15. e4 Nc5 16. Qc2 Bxc3 17. bxc3 Bxe4 18. Bxe4 Ndxe4 19. Bh6 f5 20. Be3 Qa5 21. f3 Nf6 22. Bd4 Rf7 23. Qf2 Nd3 24. Qd2 Nxe1 25. Rxe1 Qd5 26. Ng2 c5 27. Re5 Qxf3 28. Rxc5 Rd8 29. Qh6 Qd1+ 30. Kf2 Rxd4 31. Rc8+ Rd8 32.
Rxd8+ Qxd8 33. Nf4 Qb6+ 34. Kg2 Qc6+ 35. Kh3 Qd7 36.
c4 e5 37. Ne2 f4+ 38. Kg2 f3+ 39. Kxf3 Ng4+ 40. Ke4 Nxh6 0-1

[Event "Late-Titled-Tuesday-Blitz-April-30-2024"]
[Site "Chess.com"]
[Date "2024.04.30"]
[Round "8"]
[White "Casper"]
[Black "balachess2006"]
[Result "0-1"]
[WhiteElo "2508"]
[BlackElo "2679"]
[TimeControl "180+1"]
[EndTime "15:28:04 PDT"]
[Termination "balachess2006 won by checkmate"]

1. e4 c5 2. Nf3 Nc6 3. g3 g6 4. c3 Nf6 5. e5 Nd5 6. Bg2 Bg7 7. d4 cxd4 8. cxd4 O-O 9. O-O d6 10. Re1 dxe5 11. dxe5 Bg4 12. Qb3 Ndb4 13. Bf4 Be6 14. Qa4 Nd3 15. Re2 Nxf4 16. Qxf4 Qb6 17. Nc3 Rad8 18.
Rc1 Nd4 19. Nxd4 Rxd4 20. Qe3 Rfd8 21. b3 Qa6 22. Na4 b6 23. h4 h5 24. Rc7 R4d7 25.
Rec2 Qa5 26. f4 Bf5 27. Rc1 Rd1+ 28. Kh2 R1d2 29. Kh1 Rxa2 30. Nc3 Ra1 31. Rxe7 Bf8 32.
Rc7 Bc5 33. Qe1 Rxc1 34. Qxc1 Rd3 35. Nd5 Qd2 36. Qc4 Qe1+ 37. Kh2 Qg1# 0-1